Construct Infanterie Kompanie
Selects Luftwaffe Battlegroup
Selects Luftwaffe Pioneer Support
Fallschirmpioneer Squad Paradrop
Fallschirmpioneer Squad Paradrop
Construct Panzergrenadier Kompanie
Selects LG40 Recoilless Gun Paradrop
LG40 Recoilless Gun Paradrop
Construct Panzer Kompanie
Selects Stuka Strafing Run
Selects Fallschirmjäger Squad Paradrop
Selects Fragmentation Bombs
Fallschirmjäger Squad Paradrop
Fallschirmpioneer Squad Paradrop